 Dungeon Sprint DCSS version 0.22.1-2-g9c5b331 (console) character file.

260 erker the Carver (level 6, -1/39 HPs)
             Began as a Gargoyle Gladiator on Dec 11, 2018.
             Was an Initiate of Makhleb.
             Slain by a troll (5 damage)
             ... in the Dungeon (Sprint IX: "|||||||||||||||||||||||||||||").
             The game lasted 00:02:06 (105 turns).

erker the Carver (Gargoyle Gladiator)                Turns: 105, Time: 00:02:06

Health: -1/39      AC:  8    Str: 19    XL:     6   Next: 17%
Magic:  6/6        EV: 14    Int:  9    God:    Makhleb [......]
Gold:   0          SH:  0    Dex: 11    Spells: 5/5 levels left

rFire    . . .     SeeInvis .   n - +2 scimitar (holy)
rCold    . . .     Gourm    .   (no shield)
rNeg     + . .     Faith    .   b - +0 leather armour
rPois    ∞         Spirit   .   c - +0 helmet
rElec    +         Reflect  .   (no cloak)
rCorr    .         Harm     .   (no gloves)
MR       .....     NoTele   +   (no boots)
Stlth    +.........             (no amulet)
HPRegen  0.13/turn              (no ring)
MPRegen  0.10/turn              (no ring)

@: very slightly contaminated, invisible
A: negative energy resistance 1, electricity resistance, unbreathing,
petrification resistance, rot immunity, AC +4
a: Renounce Religion


You were in the Dungeon.
You worshipped Makhleb.
Makhleb was noncommittal.
You were not hungry.

You visited 1 branch

Inventory:

Hand Weapons
 a - a +0 long sword
 n - a +2 scimitar of holy wrath (weapon)
Missiles
 d - 3 throwing nets (quivered)
Armour
 b - a +0 leather armour (worn)
 c - a +0 helmet (worn)
 p - a +0 cloak
 q - a +0 helmet
Jewellery
 r - a +3 ring of intelligence
 s - a +3 ring of intelligence
Wands
 o - a wand of iceblast (10)
Scrolls
 k - 2 scrolls of blinking
 m - 3 scrolls of remove curse
Potions
 e - 5 potions of curing
 g - 3 potions of heal wounds
 h - a potion of haste
 i - 4 potions of magic
Comestibles
 f - a ration
 j - 3 chunks of flesh


   Skills:
 + Level 4.6 Fighting
 * Level 9.0 Long Blades
 + Level 3.1 Throwing
 + Level 1.1 Armour
 + Level 5.8 Dodging


You had 5 spell levels left.
You didn't know any spells.
Your spell library was empty.

Dungeon Overview and Level Annotations

Branches:
Dungeon (1/1)

Altars:
Cheibriados
Dithmenos
Elyvilon
Fedhas
Gozag
Hepliaklqana
Kikubaaqudgha
Makhleb
Nemelex Xobeh
Okawaru
Qazlal
Ru
Sif Muna
Trog
Uskayaw
Vehumet
Wu Jian
Xom
Yredelemnul
Zin
The Shining One
Beogh
Jiyva
Lugonu


Innate Abilities, Weirdness & Mutations

You are resistant to torment.
Your stone body is resilient. (AC +4)
You are immune to poison.
You resist negative energy. (rN+)
You are resistant to electric shocks. (rElec)
You can survive without breathing.
You are immune to petrification.
You are immune to rotting.


Message History

The troll is heavily wounded.
The troll bites you but does no damage. The troll claws you!
The troll claws you but does no damage.
You are too injured to fight recklessly!
You are too injured to fight recklessly!
You are too injured to fight recklessly!
You hit the troll.
The troll is heavily wounded.
The troll bites you!
* * * LOW HITPOINT WARNING * * *
The troll barely misses you. The troll claws you but does no damage.
You fade into invisibility!
The troll misses you. The troll closely misses you. x2
You are very lightly contaminated with residual magic.
You closely miss the troll.
The troll is heavily wounded.
The troll bites you!
* * * LOW HITPOINT WARNING * * *
The troll claws you.
You die...

▓.▓
▓a▓
▓9▓
▓O▓
▓o▓
▓5▓
▓T▓
▓@▓
▓.▓
▓[▓
▓.▓
▓.▓
▓)▓
▓?▓
▓.▓
▓.▓


You could see a troll, a gargoyle, an ogre, a worker ant, a shadow imp and an
orc.

Vanquished Creatures
  A phantom (D)
  An ogre (D)
  A crimson imp (D)
  A hound (D)
  A worker ant (D)
  2 hobgoblins (D)
  A ball python (D)
  A bat (D)
  A kobold (D)
10 creatures vanquished.

Notes
Turn   | Place    | Note
-------+----------+-------------------------------------------
     0 | D        | erker the Gargoyle Gladiator began the quest for the Orb.
     0 | D        | Reached XP level 1. HP: 12/12 MP: 1/1
    10 | D        | Reached skill level 3 in Long Blades
    22 | D        | Noticed a crimson imp
    22 | D        | Noticed a hound
    22 | D        | Noticed a phantom
    22 | D        | Noticed a worker ant
    22 | D        | Noticed an ogre
    25 | D        | Killed an ogre
    25 | D        | Reached skill level 6 in Long Blades
    25 | D        | Reached XP level 2. HP: 19/19 MP: 2/2
    25 | D        | Reached XP level 3. HP: 23/23 MP: 3/3
    25 | D        | Reached XP level 4. HP: 28/28 MP: 4/4
    34 | D        | Reached skill level 7 in Long Blades
    34 | D        | Reached XP level 5. HP: 33/33 MP: 5/5
    36 | D        | Killed a phantom
    36 | D        | Reached skill level 8 in Long Blades
    36 | D        | Reached skill level 1 in Armour
    36 | D        | Reached skill level 5 in Dodging
    36 | D        | Reached XP level 6. HP: 39/39 MP: 6/6
    37 | D        | Reached skill level 9 in Long Blades
    46 | D        | Found a roughly hewn altar of Beogh.
    46 | D        | Found a snail-covered altar of Cheibriados.
    46 | D        | Found a shadowy altar of Dithmenos.
    46 | D        | Found a white marble altar of Elyvilon.
    46 | D        | Found a blossoming altar of Fedhas.
    46 | D        | Found an opulent altar of Gozag.
    47 | D        | Found a hazy altar of Hepliaklqana.
    48 | D        | Found a viscous altar of Jiyva.
    49 | D        | Found an ancient bone altar of Kikubaaqudgha.
    50 | D        | Found a corrupted altar of Lugonu.
    51 | D        | Found a burning altar of Makhleb.
    52 | D        | Found a sparkling altar of Nemelex Xobeh.
    53 | D        | Found an iron altar of Okawaru.
    54 | D        | Found a stormy altar of Qazlal.
    55 | D        | Found a sacrificial altar of Ru.
    56 | D        | Found a deep blue altar of Sif Muna.
    57 | D        | Found a bloodstained altar of Trog.
    58 | D        | Found a hide-covered altar of Uskayaw.
    59 | D        | Found a radiant altar of Vehumet.
    61 | D        | Became a worshipper of Makhleb the Destroyer
    63 | D        | Found an ornate altar of the Wu Jian Council.
    64 | D        | Found a shimmering altar of Xom.
    65 | D        | Found a basalt altar of Yredelemnul.
    66 | D        | Found a glowing silver altar of Zin.
    67 | D        | Found a glowing golden altar of the Shining One.
    97 | D        | Noticed a gargoyle
    97 | D        | Noticed a troll
   105 | D        | Slain by a troll

Skill      XL: |  1  2  3  4  5  6 |
---------------+-------------------+-----
Long Blades    | 6 7 8 9 |  9.0
Fighting       | 3 4 |  4.6
Throwing       | 2 3 |  3.1
Dodging        | 4 5 |  5.8
Armour         | 1 |  1.1

Action                   |  1- 3 |  4- 6 || total
-------------------------+-------+-------++-------
Melee: Long sword        |    14 |    12 ||    26
       Scimitar          |       |     6 ||     6
  Use: Potion            |     1 |     1 ||     2
Armor: Leather armour    |     6 |     6 ||    12
Dodge: Dodged            |    10 |    13 ||    23
       Rpst.: Long sword |       |     2 ||     2
